 Dungeon Crawl Stone Soup version 0.30-a0-305-g026cb31310 (webtiles) character file.

Game seed: 5830034214821107899

353 timneilson the Covered (level 6, 0/38 HPs)
             Began as a Gargoyle Fighter on Oct 22, 2022.
             Slain by Blork the orc
             ... wielding a +0 short sword
              (4 damage)
             ... on level 4 of the Dungeon.
             The game lasted 00:07:09 (3721 turns).

timneilson the Covered (Gargoyle Fighter)           Turns: 3721, Time: 00:07:10

Health: 0/38       AC: 14    Str: 21    XL:     6   Next: 62%
Magic:  6/6        EV:  7    Int:  9    God:
Gold:   220        SH:  4    Dex:  9    Spells: 5/5 levels left

rFire   . . .      SeeInvis .    a - +0 long sword
rCold   . . .      Faith    .    c - +0 buckler
rNeg    + . .      Spirit   .    k - +0 chain mail
rPois   ∞          Reflect  .    (no helmet)
rElec   +          Harm     .    (no cloak)
rCorr   .          Rampage  .    (no gloves)
Will    .....                    (no boots)
Stlth   ..........               (no amulet)
HPRegen 0.26/turn                (no ring)
MPRegen 0.10/turn                (no ring)

@: hasted, very quick
A: sickness immunity, AC +4, negative energy resistance 1, electricity
resistance, torment resistance 1, petrification resistance
a: no special abilities


You were on level 4 of the Dungeon.
You visited 1 branch of the dungeon, and saw 5 of its levels.

You collected 220 gold pieces.

Inventory:

Hand Weapons
 a - a +0 long sword (weapon)
Armour
 c - a +0 buckler (worn)
 k - a +0 chain mail (worn)
Wands
 d - a wand of iceblast (9)
Scrolls
 j - 3 scrolls of immolation
 m - a scroll of amnesia
Potions
 e - a potion of haste
 f - 2 potions of attraction
 g - a potion of cancellation
 h - a potion of mutation
 i - 2 potions of lignification
 l - a potion of curing {unknown}
 o - a potion of heal wounds {unknown}


   Skills:
 + Level 4.1 Fighting
 * Level 3.5 Long Blades
 * Level 4.8 Armour
 + Level 1.6 Dodging
 * Level 4.7 Shields


You had 5 spell levels left.
You didn't know any spells.
Your spell library contained the following spells:

 Spells                   Type           Power      Damage    Failure   Level
 Kiss of Death            Conj/Necr      0%         2d5       99%         1
 Confusing Touch          Hex            0%         N/A       100%        3
 Dispel Undead            Necr           0%         3d6       100%        4


Dungeon Overview and Level Annotations

Branches:
Dungeon (5/15)
 Temple: D:4-7

Altars:
Ashenzari
Cheibriados
Gozag
Kikubaaqudgha
Nemelex Xobeh
Xom

Shops:
D:1 :

Annotations:
D:4 Blork the orc


Innate Abilities, Weirdness & Mutations

You are immune to sickness and miasma.
Your stone body is resilient. (AC +4)
You are immune to poison.
You resist negative energy. (rN+)
You are resistant to electric shocks. (rElec)
You are resistant to unholy torment.
You are immune to petrification.


Message History

Blork the orc is severely wounded.
Blork the orc hits you but does no damage.
You barely miss Blork the orc.
Blork the orc is severely wounded.
Blork the orc hits you but does no damage.
Blork the orc points at you and mumbles some strange words.
The puff of flame hits you but does no damage.
You completely miss Blork the orc.
Blork the orc is severely wounded.
Blork the orc casts a cantrip, but nothing happens.
Blork the orc hits you with a +0 short sword.
You barely miss Blork the orc.
Blork the orc is severely wounded.
Blork the orc hits you with a +0 short sword.
You block Blork the orc's attack.
You hit Blork the orc but do no damage.
Blork the orc is severely wounded.
Blork the orc hits you with a +0 short sword.
* * * LOW HITPOINT WARNING * * *
Blork the orc hits you with a +0 short sword.
* * * LOW HITPOINT WARNING * * *
You hit Blork the orc but do no damage.
Blork the orc is severely wounded.
Blork the orc screams, "I'll break your arms!"
Blork the orc points at you and mumbles some strange words.
The puff of flame hits you.
* * * LOW HITPOINT WARNING * * *
Blork the orc hits you but does no damage.
You hit Blork the orc.
Blork the orc is severely wounded.
Blork the orc hits you but does no damage.
Blork the orc points at you and mumbles some strange words.
The magic dart hits you.
* * * LOW HITPOINT WARNING * * *
Unknown command.
You feel yourself speed up. Blork the orc completely misses you.
You closely miss Blork the orc.
Blork the orc is severely wounded.
Blork the orc hits you with a +0 short sword.
You die...

# # #
###################
#................†.
##.################
#.# #....... #.#
#.######
#@#########.# #.
#o..........# #.
############## #.
#...# #. ###.# #.
#.# #. #.# #.
#.##############.
#................


You could see Blork the orc (fast).

Vanquished Creatures
  A scorpion (D:4)
  A jelly (D:4)
  A hound (D:4)
  Natasha (twice) (D:4)
  7 adders
  2 worms (D:2)
  5 dart slugs
  4 orcs (D:4)
  6 ball pythons
  5 bats
  9 endoplasms
  2 giant cockroaches
  5 goblins
  6 hobgoblins
  22 jackals
  3 quokkas (D:2)
  2 frilled lizards
  8 kobolds
  6 rats
97 creatures vanquished.

Vanquished Creatures (others)
  15 plants (D:4)
15 creatures vanquished.

Grand Total: 112 creatures vanquished

Notes
Turn   | Place    | Note
-------+----------+-------------------------------------------
     0 | D:1      | timneilson the Gargoyle Fighter began the quest for the
                  | Orb.
     0 | D:1      | Reached XP level 1. HP: 14/14 MP: 1/1
   148 | D:1      | Reached XP level 2. HP: 13/19 MP: 2/2
   330 | D:1      | Reached XP level 3. HP: 20/23 MP: 3/3
   485 | D:1      | Found Gaodel's Vocational Training.
   846 | D:2      | Found a faded altar of an unknown god.
   944 | D:2      | Reached XP level 4. HP: 28/28 MP: 4/4
  1756 | D:3      | Reached skill level 1 in Dodging
  1766 | D:3      | Reached XP level 5. HP: 28/33 MP: 5/5
  2019 | D:3      | Found an opulent altar of Gozag.
  2022 | D:3      | Found an ancient bone altar of Kikubaaqudgha.
  2238 | D:4      | Found a shimmering altar of Xom.
  2334 | D:4      | Found a snail-covered altar of Cheibriados.
  2669 | D:4      | Reached XP level 6. HP: 27/38 MP: 6/6
  2879 | D:4      | Found a sparkling altar of Nemelex Xobeh.
  2959 | D:4      | Found a broken altar of Ashenzari.
  3083 | D:4      | Noticed Natasha
  3097 | D:4      | Killed Natasha
  3654 | D:4      | Noticed Natasha
  3664 | D:4      | Killed Natasha
  3700 | D:5      | Entered Level 5 of the Dungeon
  3700 | D:5      | Noticed Blork the orc
  3721 | D:4      | Slain by Blork the orc

Illustrated notes

Levels and vault maps discovered:
D:1:      minmay_arrival_checkered_box, layout_basic, nicolae_shop_vocational
D:2:      kb_forest_paths, layout_basic, hellmonk_ecumenical_altar_dog_temple
D:3:      layout_rooms, nicolae_overflow_squiral, dreamdust_mushroom_princess,
          minmay_misc_feat_roman
D:4:      layout_basic, lemuel_doored_altar, nicolae_overflow_crystal_walls,
          nicolae_ashenzari_skybound, mainiacjoe_overflow_cross_hatched,
          uniq_natasha
D:5:      layout_gridville, nzn_wu_jian_council_hall,
          minmay_temple_entry_from_below_a, minivault_26,
          uniq_crazy_yiuf_cottage, uniq_blork_the_orc

Skill      XL: |  1  2  3  4  5  6 |
---------------+-------------------+-----
Long Blades    | 2 3 |  3.5
Armour         | 4 |  4.8
Shields        | 4 |  4.7
Dodging        | 1 |  1.6
Fighting       | 4 |  4.1

Action                   |  1- 3 |  4- 6 || total
-------------------------+-------+-------++-------
Melee: Long sword        |   158 |   308 ||   466
  Use: Scroll            |     7 |     4 ||    11
       Potion            |       |     2 ||     2
Armor: Scale mail        |   105 |   155 ||   260
       Chain mail        |       |    84 ||    84
Dodge: Dodged            |    67 |   186 ||   253
Block: Buckler           |    25 |    69 ||    94

Table legend: (Time is in decaauts)
 A = Elapsed time spent in this place.
 B = Non-inter-level travel time spent in this place.
 C = Inter-level travel time spent in this place.
 D = Time resting spent in this place.
 E = Time spent auto-exploring this place.
 F = Levels seen in this place.
 G = Mean time per level.
                   A        B        C        D        E       F      G
               +--------+--------+--------+--------+--------+-----+--------+
         Total |   3864 |   3682 |    182 |     36 |   2513 |   5 |  772.8 |
       Dungeon |   3864 |   3682 |    182 |     36 |   2513 |   5 |  772.8 |
               +--------+--------+--------+--------+--------+-----+--------+

Top non-repeatable levels by time:
     D:4: 1521 daAuts
     D:2: 1130 daAuts
     D:1: 652 daAuts
     D:3: 555 daAuts
     D:5: 4 daAuts
